 Dungeon Crawl Stone Soup version 0.31-a0-854-g362426d53f (webtiles) character file.

Game seed: 9160910317571417308

1 Kurtz the Sneak (level 1, 0/21 HPs)
             Began as a Naga Delver on Oct 8, 2023.
             Slain by a kobold
             ... wielding a +0 whip
              (4 damage)
             ... on level 1 of the Dungeon.
             The game lasted 00:00:12 (238 turns).

Kurtz the Sneak (Naga Delver)                        Turns: 238, Time: 00:00:13

Health: 0/21       AC:  1    Str: 14    XL:     1   Next: 20%
Magic:  1/1        EV:  9    Int: 10    God:
Gold:   37         SH:  0    Dex: 12    Spells: 0/0 levels left

rFire   . . .        a - +0 hand axe
rCold   . . .        (no shield)
rNeg    . . .        b - +0 leather armour
rPois   +            (no helmet)
rElec   .            (no cloak)
rCorr   .            (no gloves)
SInv    +            (no barding)
Will    .....        (no amulet)
Stlth   +++          (no ring)
HPRegen 0.23/turn    (no ring)
MPRegen 0.07/turn

%: no passive effects
@: very slow
A: AC +0, large, see invisible, deformed body, poison resistance, slowness 2,
spit poison 1, naga tail 1
a: Spit Poison


You were on level 1 of the Dungeon.
You visited 1 branch of the dungeon, and saw 5 of its levels.

You collected 37 gold pieces.

Inventory:

Hand Weapons
 a - a +0 hand axe (weapon)
Armour
 b - a +0 leather armour (worn)
Wands
 g - a wand of digging (3)
Scrolls
 c - a scroll of fog
 d - a scroll of revelation
 e - a scroll of fear
 i - a scroll of identify {unknown}
Potions
 f - a potion of haste
 h - a potion of curing {unknown}


   Skills:
 - Level 3.0 Fighting
 * Level 2.1 Axes
 - Level 1.5 Dodging
 - Level 7.2 Stealth


You couldn't memorise any spells.
You didn't know any spells.
Your spell library was empty.

Dungeon Overview and Level Annotations

Branches:
Dungeon (5/15)
 Temple: D:4-7

Altars:


Innate Abilities, Weirdness & Mutations

Your serpentine skin is tough. (AC +0)
You have supernaturally acute eyesight. (SInv)
Armour fits poorly on your strangely shaped body.
Your system is resistant to poisons. (rPois)
You cover ground very slowly.
You can spit poison.
You have a snake-like lower body.


Message History

There is an open door here.
There is an open door here.
You open the door.
There is an open door here.
You open the door.
There is an open door here.
A goblin comes into view. It is wielding a +0 club.
A goblin is nearby!
The goblin shouts!
The goblin hits you with a +0 club. The goblin barely misses you.
You barely miss the goblin. The goblin barely misses you.
You slash the goblin!
You kill the goblin!
No target in view!
No target in view!
HP restored.
Found a mace.
Found a club.
You see here a +0 mace.
A dart slug comes into view.
A kobold comes into view. It is wielding a +0 whip.
The kobold shouts!
A giant cockroach comes into view.
The dart slug launches a dart at you. The slug dart hits you.
The dart slug closely misses you. The giant cockroach bites you.
You closely miss the kobold. You hit the giant cockroach.
You hit the dart slug. The giant cockroach bites you.
The kobold hits you with a +0 whip.
The dart slug bites you but does no damage.
You barely miss the giant cockroach.
The giant cockroach is moderately wounded.
You hit the dart slug but do no damage. You hit the kobold but do no damage.
The giant cockroach bites you. The kobold hits you with a +0 whip.
The dart slug bites you.
* * * LOW HITPOINT WARNING * * *
The giant cockroach bites you.
* * * LOW HITPOINT WARNING * * *
The kobold hits you with a +0 whip.
You die...

#...........#
##....####....
#)...........
#######....####...
...........####..
.............$...
.................
#.######).K...###
# #..@B......
#...w.#....
#.#.#.####.
#.#.#... .........
#........... #.
... ..... .....
....


You could see a dart slug, a giant cockroach and a kobold.

Vanquished Creatures
  A goblin (D:1)
1 creature vanquished.

Notes
Turn   | Place    | Note
-------+----------+-------------------------------------------
     0 | D:5      | Kurtz the Naga Delver began the quest for the Orb.
     0 | D:5      | Reached XP level 1. HP: 21/21 MP: 1/1
   238 | D:1      | Slain by a kobold

Illustrated notes

Levels and vault maps discovered:
D:1:      sevenhm_arrival_forest_fort_large_4, layout_basic,
          minmay_crystal_water
D:2:      layout_basic, basic_ecumenical_altar, uniq_natasha
D:3:      layout_loops_ring, serial_shops, shop, minmay_increasing_density
D:4:      layout_basic, uniq_sigmund
D:5:      layout_gridville, kennysheep_mini_moat, minmay_temple_entry_tees,
          uniq_pikel, uniq_eustachio

Action                     || total
---------------------------++-------
  Melee: Hand axe          ||     4
 Armour: Leather armour    ||    11
  Dodge: Dodged            ||     3

Table legend: (Time is in decaauts)
 A = Elapsed time spent in this place.
 B = Non-inter-level travel time spent in this place.
 C = Inter-level travel time spent in this place.
 D = Time resting spent in this place.
 E = Time spent auto-exploring this place.
 F = Levels seen in this place.
 G = Mean time per level.
                   A        B        C        D        E       F      G
               +--------+--------+--------+--------+--------+-----+--------+
         Total |    323 |    314 |      9 |      0 |    270 |   5 |   64.6 |
       Dungeon |    323 |    314 |      9 |      0 |    270 |   5 |   64.6 |
               +--------+--------+--------+--------+--------+-----+--------+

Top non-repeatable levels by time:
     D:2: 201 daAuts
     D:1: 106 daAuts
     D:5: 6 daAuts
     D:4: 5 daAuts
     D:3: 3 daAuts
